AoeStats
← santyguasta

Black Forest

510456624Analyzed
3v3 RM · 21h ago on Oct 1, 2026· 56m 26s· 6 players
Game mode
Random Map
Map size
Normal (6 player)
Population
200
Speed
Normal
Resources
Standard
Victory
Conquest
Starting age
Dark Age
Ending age
Imperial Age
RankedLock teamsTeams togetherTeam positionsShared explorationLock speedFull tech treeHidden civsTurbo modeCheats
Victory
Defeat
🇲🇽 Britons · Mexico
640
+6
🇲🇽 Goths · Mexico
576
+8
🇲🇽 Franks · Mexico
549
+10
🇦🇷 Byzantines · Argentina
427
-9
🇦🇷 Romans · Argentina
404
-8
🇺🇸 Chinese · United States
350
-7
santyguasta
11:09 Feudal Age
12:50 Double-Bit Axe
14:12 Man-at-Arms
15:47 Wheelbarrow
27:06 Gold Mining
27:07 Stone Mining
27:01 Horse Collar
32:06 Castle Age
32:29 Long Swordsman
32:31 Pikeman
33:11 Squires
34:17 Heavy Plow
34:32 Bow Saw
35:43 Coinage
35:14 Caravan
36:44 Hand Cart
43:28 Imperial Age
43:39 Heavy Cavalry Archer
46:56 Banking
46:26 Caravan
49:59 Scale Barding Armor
49:44 Fletching
49:55 Padded Archer Armor
49:56 Scale Mail Armor
50:07 Forging
50:04 Legionary
50:05 Halberdier
liuzi!
0:35 Loom
31:44 Feudal Age
33:04 Wheelbarrow
38:31 Double-Bit Axe
41:33 Horse Collar
42:57 Town Watch
45:50 Stone Mining
45:50 Gold Mining
48:45 Forging
48:35 Scale Mail Armor
48:36 Padded Archer Armor
48:27 Fletching
Ceroleni
16:10 Feudal Age
14:29 Loom
17:56 Double-Bit Axe
17:53 Horse Collar
21:59 Gold Mining
26:51 Castle Age
26:26 Loom
29:13 Bow Saw
29:06 Heavy Plow
29:48 Gold Shaft Mining
29:10 Stone Mining
29:35 Caravan
31:36 Wheelbarrow
31:17 Husbandry
36:10 Hand Cart
42:18 Imperial Age
42:12 Greek Fire
45:50 Elite Cataphract
47:47 Onager
55:20 Redemption
55:40 Illumination
55:32 Block Printing
55:49 Illumination
55:40 Block Printing
55:28 Devotion
55:53 Sanctity
55:53 Heresy
56:12 Theocracy
xXquique45Xx
14:50 Feudal Age
16:11 Double-Bit Axe
19:51 Horse Collar
22:59 Castle Age
22:20 Wheelbarrow
21:57 Gold Mining
23:50 Bow Saw
23:41 Stone Mining
32:52 Heavy Plow
32:39 Man-at-Arms
32:45 Pikeman
33:19 Long Swordsman
34:06 Squires
34:12 Scale Mail Armor
34:47 Loom
38:35 Imperial Age
38:03 Stone Shaft Mining
38:57 Elite Huskarl
39:01 Two-Handed Swordsman
39:53 Halberdier
41:33 Anarchy
44:56 Perfusion
45:13 Champion
50:31 Onager
carlosedwin97
16:10 Feudal Age
29:52 Castle Age
27:49 Double-Bit Axe
28:18 Scale Barding Armor
35:42 Bow Saw
35:31 Gold Mining
35:41 Stone Mining
39:01 Imperial Age
38:40 Light Cavalry
40:26 Gold Shaft Mining
40:16 Chain Barding Armor
39:24 Cavalier
40:05 Husbandry
45:01 Paladin
46:57 Elite Throwing Axeman
54:14 Plate Barding Armor
54:37 Hoardings
53:24 Ordonnance Companies
54:05 Chivalry
54:30 Conscription
Barraza1173
10:37 Feudal Age
11:22 Man-at-Arms
12:05 Double-Bit Axe
13:13 Horse Collar
13:46 Arson
20:16 Wheelbarrow
21:46 Forging
24:05 Castle Age
22:00 Fletching
24:14 Padded Archer Armor
24:13 Town Watch
28:45 Iron Casting
30:32 Bow Saw
31:09 Bodkin Arrow
31:23 Treadmill Crane
32:04 Ballistics
31:57 Masonry
32:55 Leather Archer Armor
32:59 Fervor
33:07 Hand Cart
32:56 Town Patrol
34:45 Heavy Plow
34:51 Scale Mail Armor
34:41 Loom
38:48 Imperial Age
38:55 Imperial Age
37:45 Long Swordsman
38:27 Squires
38:13 Gambesons
40:43 Chemistry
39:52 Siege Engineers
40:35 Gold Mining
40:35 Stone Mining
41:09 Bracer
41:40 Conscription
41:21 Warwolf
41:41 Yeomen
42:00 Murder Holes
42:50 Architecture
43:33 Gold Shaft Mining
44:06 Two-Man Saw
44:29 Devotion
44:00 Elite Longbowman
45:49 Heavy Mounted Crossbowman
45:51 Cranequins
45:58 Two-Handed Swordsman
45:59 Pikeman
47:50 Crossbowman
47:51 Elite Skirmisher
50:40 Halberdier
50:40 Champion
53:21 Blast Furnace
52:37 Chain Mail Armor
52:53 Ring Archer Armor
Connection lost

Rejoining the realm…

Still unreachable

The connection could not be restored.

Session expired

The server has moved on; the page needs a fresh start.